 Dungeon Crawl Stone Soup version 0.25-a0-464-g3004169 (webtiles) character file.

Game seed: 2389435575566217921, levelgen mode: deterministic

835 15 the Firebug (level 7, -3/38 HPs)
             Began as a Tengu Fire Elementalist on Feb 3, 2020.
             Slain by a centaur (9 damage)
             ... on level 5 of the Dungeon.
             The game lasted 00:40:17 (5668 turns).

15 the Firebug (Tengu Fire Elementalist)            Turns: 5668, Time: 00:40:17

Health: -3/38      AC:  4    Str: 10    XL:     7   Next: 98%
Magic:  9/12       EV: 16    Int: 16    God:
Gold:   20         SH:  2    Dex: 14    Spells: 4/12 levels left

rFire    . . .     SeeInvis .   p - +4 war axe
rCold    + . .     Gourm    .   (no shield)
rNeg     . . .     Faith    .   n - +0 robe {MR+}
rPois    .         Spirit   .   (helmet restricted)
rElec    .         Reflect  +   (no cloak)
rCorr    .         Harm     .   k - +1 pair of gloves
MR       ++...                  (boots unavailable)
Stlth    ++........             A - +2 amulet of reflection
HPRegen  0.12/turn              i - ring of protection from magic
MPRegen  0.13/turn              C - ring of protection from cold

@: flying quickly and evasively, quick
A: beak, talons 3, able to fly
a: Stop Flying


You were on level 5 of the Dungeon.
You were not hungry.

You visited 1 branch of the dungeon, and saw 5 of its levels.

You collected 266 gold pieces.
You spent 246 gold pieces at shops.

Inventory:

Hand Weapons
 h - a +2 short sword of draining
 p - a +4 war axe (weapon)
 B - a +1 vorpal spear
 G - a +2 vorpal halberd
 I - a +0 flail of holy wrath
Missiles
 b - 216 stones (quivered)
Armour
 k - a +1 pair of gloves (worn)
 n - a +0 robe of magic resistance (worn)
 J - a +1 scale mail of cold resistance
Magical Staves
 j - an uncursed staff of wizardry
 u - an uncursed staff of cold
Jewellery
 i - a ring of protection from magic (left hand)
 A - a +2 amulet of reflection (around neck)
 C - a ring of protection from cold (right hand)
Wands
 z - a wand of digging (12)
Scrolls
 e - a scroll of immolation
 f - 5 scrolls of teleportation
 o - a scroll of amnesia
 s - a scroll of enchant armour
 v - a scroll of magic mapping
 w - a scroll of summoning
 y - 2 scrolls of remove curse
Potions
 d - a potion of berserk rage {unknown}
 g - a potion of might
 l - 4 potions of curing
 m - 2 potions of lignification {unknown}
 t - 2 potions of flight {unknown}
 x - a potion of magic {unknown}
 E - a potion of brilliance {unknown}
 F - a potion of agility {unknown}
Comestibles
 c - 13 rations
 H - 4 chunks of flesh


   Skills:
 + Level 1.0 Fighting
 + Level 0.3 Short Blades
 + Level 2.2(2.4) Axes
 + Level 1.3(2.9) Maces & Flails
 * Level 3.1(3.3) Staves
 * Level 3.4 Armour
 + Level 3.4 Dodging
 + Level 3.2 Stealth
 + Level 3.0 Spellcasting
 * Level 4.3 Conjurations
 + Level 0.7 Necromancy
 + Level 5.0 Fire Magic


You had 4 spell levels left.
You knew the following spells:

 Your Spells              Type           Power        Failure   Level  Hunger
a - Foxfire               Conj/Fire      ###.         2%          1    #......
b - Conjure Flame         Conj/Fire      ###.....     9%          3    ###....
c - Inner Flame           Hex/Fire       ##......     21%         3    ###....
d - Animate Skeleton      Necr           N/A          14%         1    #......

Your spell library contained the following spells:

 Spells                   Type           Power        Failure   Level  Hunger
 Pain                     Necr           #...         14%         1    #......
 Sticky Flame             Conj/Fire      ###.....     26%         4    #####..
 Vampiric Draining        Necr           #.........   38%         3    ###....
 Animate Dead             Necr           N/A          80%         4    #####..
 Fireball                 Conj/Fire      ###.......   58%         5    ######.
 Agony                    Necr           #.......     98%         5    ######.


Dungeon Overview and Level Annotations

Branches:
Dungeon (5/15)             Temple (0/1) D:5

Altars:
Hepliaklqana
Ru
Sif Muna
Uskayaw
Wu Jian

Shops:
D:4 ?


Innate Abilities, Weirdness & Mutations

You have a beak for a mouth.
You have claws for feet.
You can fly continuously.


Message History

The centaur is heavily wounded.
The foxfire hits the centaur but does no damage.
The centaur is heavily wounded.
The centaur hits you but does no damage.
The centaur barely misses you.
You closely miss the centaur.
The centaur is heavily wounded.
The foxfire hits the centaur.
The centaur is severely wounded.
The foxfire hits the centaur but does no damage.
The centaur is severely wounded.
The foxfire hits the centaur.
The centaur is severely wounded.
The centaur hits you!
* * * LOW HITPOINT WARNING * * *
The centaur misses you.
You barely miss the centaur. You claw the centaur.
The centaur is almost dead.
The centaur hits you!
You die...

###.#.#.######.# #....#
......#....# #.# #....#
#####.#.##.###.# #....########
........#......#####....#......##
...........⌠..........!........'.
...............##.##...........##
#####.###⌠.>.⌠.##.###..........#
#.# #......##.# #..........# ..#
#.# #..⌠...c@Z# #..........# ..#
#.# #........§# #....####### ..#
#.# #..##.....# #....# ..# #.#
#.# #.....# #....#
..###.####################
..'.....#§≈≈≈≈≈≈§≈≈≈≈≈#
..###..##≈≈§≈...§.≈≈≈≈#
.....^.##≈≈≈....§..≈§≈#
..####.##§§..(.#....≈≈#


You could see a centaur and a friendly orc skeleton.

Vanquished Creatures
  Edmund (D:5)
  An ogre (D:5)
  A centaur (D:5)
  A howler monkey (D:5)
  3 orc priests (D:3)
  3 orc wizards
  2 iguanas (D:4)
  Terence (D:2)
  A hound skeleton (D:4)
  Robin (D:2)
  3 gnolls (D:5)
  6 adders
  A howler monkey skeleton (D:4)
  3 oozes
  An adder skeleton (D:5)
  A worm (D:2)
  3 dart slugs
  5 leopard geckos
  17 orcs
  8 giant cockroaches
  17 goblins
  9 hobgoblins
  9 jackals
  4 quokkas
  2 ball pythons
  8 bats
  12 frilled lizards
  9 kobolds
  10 rats
143 creatures vanquished.

Vanquished Creatures (collateral kills)
  A crimson imp (D:5)
  A gnoll (D:5)
2 creatures vanquished.

Vanquished Creatures (others)
  308 foxfires
308 creatures vanquished.

Grand Total: 453 creatures vanquished

Notes
Turn   | Place    | Note
-------+----------+-------------------------------------------
     0 | D:1      | 15 the Tengu Fire Elementalist began the quest for the Orb.
     0 | D:1      | Reached XP level 1. HP: 10/10 MP: 4/4
   172 | D:1      | Reached XP level 2. HP: 13/15 MP: 1/6
   385 | D:1      | Reached XP level 3. HP: 19/19 MP: 3/7
   978 | D:2      | Found an ornate altar of the Wu Jian Council.
   978 | D:2      | Found a hazy altar of Hepliaklqana.
  1121 | D:2      | Reached skill level 1 in Armour
  1121 | D:2      | Reached XP level 4. HP: 13/24 MP: 1/8
  1142 | D:2      | Noticed Robin
  1459 | D:2      | Learned a level 3 spell: Conjure Flame
  1463 | D:2      | Learned a level 3 spell: Inner Flame
  1778 | D:2      | Noticed Terence
  1798 | D:2      | Killed Terence
  1798 | D:2      | Reached skill level 4 in Fire Magic
  1798 | D:2      | Gained mutation: You can fly continuously. [Tengu growth]
  1798 | D:2      | Reached XP level 5. HP: 21/28 MP: 1/9
  2152 | D:2      | Killed Robin
  2653 | D:3      | Reached XP level 6. HP: 20/33 MP: 5/10
  3561 | D:4      | Found Waryofath's Magic Scroll Shop.
  3568 | D:4      | Bought a scroll of magic mapping for 38 gold pieces
  3568 | D:4      | Bought a scroll of summoning for 104 gold pieces
  3574 | D:4      | Reached skill level 1 in Maces & Flails
  3648 | D:4      | Found a sacrificial altar of Ru.
  3874 | D:4      | Reached skill level 1 in Axes
  3941 | D:4      | Noticed a +0 hand axe
  3941 | D:4      | Noticed a -1 hand axe
  3942 | D:4      | Found a hide-covered altar of Uskayaw.
  4104 | D:4      | Learned a level 1 spell: Animate Skeleton
  4177 | D:4      | Found a shimmering blue altar of Sif Muna.
  4196 | D:5      | Entered Level 5 of the Dungeon
  4202 | D:5      | Reached skill level 1 in Staves
  4202 | D:5      | Reached XP level 7. HP: 28/37 MP: 7/12
  4424 | D:4      | Bought a scroll of amnesia for 38 gold pieces
  4424 | D:4      | Bought a scroll of teleportation for 33 gold pieces
  4424 | D:4      | Bought a scroll of teleportation for 33 gold pieces
  5112 | D:5      | Found a staircase to the Ecumenical Temple.
  5483 | D:5      | Noticed Edmund
  5494 | D:5      | Killed Edmund
  5494 | D:5      | Reached skill level 1 in Fighting
  5494 | D:5      | Reached skill level 5 in Fire Magic
  5600 | D:5      | Noticed a hippogriff
  5668 | D:5      | Slain by a centaur

Levels and vault maps discovered:
D:1:      erik_arrival_gehennom, layout_basic
D:2:      minmay_chambers_of_ones, layout_rooms,
          gammafunk_temple_overflow_statue, first_ration, wad_floor_pattern_1,
          uniq_terence, uniq_robin
D:3:      layout_loops_ring, hangedman_decor_riveting, minmay_lizard_king
D:4:      layout_loops_cross, nicolae_ru_great_annihilating_truth,
          dancing_weapons_uskayaw, serial_shops, nicolae_shop_crystal,
          led_sif_pool
D:5:      layout_basic, temple_fountains, kennysheep_generic_room_2, uniq_edmund

Skill      XL: |  1  2  3  4  5  6  7 |
---------------+----------------------+-----
Conjurations   | 2 3 4 |  4.3
Armour         | 1 2 3 |  3.4
Fire Magic     | 4 5 |  5.0
Dodging        | 3 |  3.4
Maces & Flails | 1 |  1.3
Axes           | 1 2 |  2.2
Staves         | 1 3 |  3.1
Stealth        | 3 |  3.2
Fighting       | 1 |  1.0
Spellcasting   | 3 |  3.0
Short Blades   | |  0.3
Necromancy     | |  0.7

Action                   |  1- 3 |  4- 6 |  7- 9 || total
-------------------------+-------+-------+-------++-------
Melee: Unarmed           |    17 |       |       ||    17
       Kick              |     9 |    22 |    11 ||    42
       Peck              |     3 |    10 |     5 ||    18
       Whip              |     1 |       |       ||     1
       Dagger            |    26 |    48 |       ||    74
       Flail             |       |    20 |       ||    20
       War axe           |       |    34 |    44 ||    78
       Morningstar       |       |    13 |       ||    13
 Cast: Foxfire           |    43 |   143 |    47 ||   233
       Inner Flame       |       |     2 |       ||     2
       Animate Skeleton  |       |       |     7 ||     7
       Conjure Flame     |       |       |     2 ||     2
 Abil: Fly               |       |     1 |       ||     1
  Use: Scroll            |     1 |     5 |     2 ||     8
       Potion            |     1 |     2 |     1 ||     4
 Stab: Sleeping          |     8 |     5 |       ||    13
       Paralysed         |       |     1 |       ||     1
  Eat: Chunk             |     1 |    11 |       ||    12
       Ration            |       |       |     2 ||     2
Armor: Robe              |    11 |    26 |    12 ||    49
Dodge: Dodged            |    41 |   137 |    34 ||   212
Block: Other             |       |       |     2 ||     2

Table legend:
 A = Non-vault XP
 B = Vault XP
 C = Vault XP percentage of total XP
 D = Non-vault monster count
 E = Vault monster count
 F = Vault count percentage of total count
                 A         B        C        D         E       F
            +---------+---------+-------+---------+---------+-------
      Total |     846 |     347 |  29.1 |     110 |      35 |  24.1
            +---------+---------+-------+---------+---------+-------
        D:1 |      27 |      18 |  40.0 |      16 |       5 |  23.8
        D:2 |     113 |      82 |  42.1 |      31 |      18 |  36.7
        D:3 |     196 |       8 |   3.9 |      34 |       6 |  15.0
        D:4 |     124 |      45 |  26.6 |       7 |       4 |  36.4
        D:5 |     386 |     194 |  33.4 |      22 |       2 |   8.3
            +---------+---------+-------+---------+---------+-------
